 Dungeon Crawl Stone Soup version 0.22-a0-253-gf9d0ce5 (webtiles) character file.

21 nikopol the Magician (level 2, -6/15 HPs)
             Began as a Deep Elf Fire Elementalist on Mar 3, 2018.
             Engulfed by a cloud of flame (21 damage)
             ... on level 1 of the Dungeon.
             The game lasted 00:02:44 (812 turns).

nikopol the Magician (Deep Elf Fire Elementalist)    Turns: 812, Time: 00:02:46

Health: -6/15      AC:  2    Str:  5    XL:     2   Next: 62%
Magic:  8/8        EV: 13    Int: 19    God:
Gold:   46         SH:  0    Dex: 15    Spells: 5/8 levels left

rFire    . . .     SeeInvis .   (no weapon)
rCold    . . .     Gourm    .   (no shield)
rNeg     . . .     Faith    .   a - +0 robe
rPois    .         Spirit   .   (no helmet)
rElec    .         Reflect  .   (no cloak)
rCorr    .         Harm     .   (no gloves)
MR       .....                  (no boots)
Stlth    ++........             (no amulet)
HPRegen  0.05/turn              (no ring)
MPRegen  0.11/turn              (no ring)

@: no status effects
A: no striking features
a: no special abilities


You were on level 1 of the Dungeon.
You were not hungry.

You visited 1 branch of the dungeon, and saw 1 of its levels.

You collected 46 gold pieces.

Inventory:

Armour
 a - a +0 robe (worn)
Scrolls
 b - 2 scrolls of identify {unknown}
 d - a scroll of noise {unknown}
 g - a scroll of remove curse {unknown}
 h - a scroll of enchant weapon {unknown}
 i - a scroll of magic mapping {unknown}
Potions
 e - a potion of curing {unknown}
Comestibles
 c - a ration


   Skills:
 + Level 2.5 Dodging
 + Level 2.8 Stealth
 + Level 3.8 Spellcasting
 + Level 1.2 Conjurations
 + Level 3.6 Fire Magic


You had 5 spell levels left.
You knew the following spells:

 Your Spells              Type           Power        Failure   Level  Hunger
a - Flame Tongue          Conj/Fire      ##...        5%          1    None
b - Throw Flame           Conj/Fire      ##....       8%          2    ##.....


Dungeon Overview and Level Annotations

Branches:
Dungeon (1/15)

Altars:


Message History

Confirm with . or Enter, or press ? or * to list all spells.
Aiming: Throw Flame (safe; 8% risk of failure)
Press: ? - help, Shift-Dir - straight line, f - hobgoblin
Aim: a hobgoblin (resting)
The puff of flame hits the hobgoblin.
The hobgoblin is moderately wounded.
The hobgoblin shouts!
Casting: Throw Flame (safe; 8% risk of failure)
Confirm with . or Enter, or press ? or * to list all spells.
Aiming: Throw Flame (safe; 8% risk of failure)
Press: ? - help, Shift-Dir - straight line, f/p - hobgoblin
Aim: a hobgoblin (moderately wounded)
The puff of flame hits the hobgoblin.
You kill the hobgoblin!
You start resting.
All of the chunks of flesh in your inventory have rotted away.
Magic restored.
You are engulfed in blazing flames.
Ouch! That really hurt!
You die...

################
####..
...............#
#..##.
#.#####.######.#
# ##..## #.# #.#
#.# §# ##... #.#
#.# #.# §§# #...
#.# #.#
#.#####...# #..♣
#.#####.#
#..§§§...[. #..♣
..##....#
#(.§§§.(?.. #..♣
####....#
##.@§§..?.( #..♣
####....#
######..)# #..♣
........# #§§§#
#..♣ .###...##
#§§§# #..♣ .#
##### #§§§# #..♣
.# #...# #..♣ .#
#.########... ##
#............
#############


There were no monsters in sight!

Vanquished Creatures
  An ooze (D:1)
  A dart slug (D:1)
  2 goblins (D:1)
  3 hobgoblins (D:1)
  A kobold (D:1)
  A ball python (D:1)
  4 bats (D:1)
  A rat (D:1)
14 creatures vanquished.

Notes
Turn   | Place    | Note
-------+----------+-------------------------------------------
     0 | D:1      | nikopol the Deep Elf Fire Elementalist began the quest for the Orb.
     0 | D:1      | Reached XP level 1. HP: 10/10 MP: 6/6
   269 | D:1      | Reached XP level 2. HP: 15/15 MP: 6/8
   773 | D:1      | Learned a level 2 spell: Throw Flame
   812 | D:1      | Engulfed by a cloud of flame

Vault maps used:
D:1:      scummos_arrival_checkerplants, serial_park_tiny_1, lemuel_flame_loot_1

Action                   || total
-------------------------++-------
Melee: Unarmed           ||     1
 Cast: Flame Tongue      ||    24
       Throw Flame       ||     2
Armor: Robe              ||     4
Dodge: Dodged            ||     9

Table legend:
 A = Spawn XP
 B = Non-spawn XP
 C = Spawn XP percentage of total XP
 D = Spawn monster count
 E = Non-spawn monster count
 F = Spawn count percentage of total count
 G = Total turns spent on level
                    A         B        C        D         E        F      G
               +---------+---------+-------+---------+---------+-------+---------
         Total |       0 |      30 |   0.0 |       0 |      14 |   0.0 |   812
               +---------+---------+-------+---------+---------+-------+---------
           D:1 |       0 |      30 |   0.0 |       0 |      14 |   0.0 |   812
               +---------+---------+-------+---------+---------+-------+---------
